 Dungeon Crawl Stone Soup version 0.19.0-9-gfd783f2 (webtiles) character file.

2 esc the Grave Robber (level 1, 0/13 HPs)
             Began as a Demonspawn Necromancer on Nov 7, 2016.
             Slain by a hobgoblin (3 damage)
             ... on level 1 of the Dungeon.
             The game lasted 00:01:15 (302 turns).

esc the Grave Robber (Demonspawn Necromancer)        Turns: 302, Time: 00:01:15

Health: 0/13       AC:  2    Str:  8    XL:     1   Next: 25%
Magic:  3/3        EV: 12    Int: 16    God:
Gold:   20         SH:  0    Dex: 13    Spells: 2 memorised, 2 levels left

rFire  . . .     SeeInvis .     d - +0 mace
rCold  . . .     Gourm    .     a - +0 robe
rNeg   . . .     Faith    .     (no shield)
rPois  .         Spirit   .     (no helmet)
rElec  .         Reflect  .     (no cloak)
rCorr  .         Harm     .     (no gloves)
MR     .....                    (no boots)
Stlth  ++........               (no amulet)
                                (no ring)
                                (no ring)

@: no status effects
A: no striking features
a: no special abilities


You were on level 1 of the Dungeon.
You were not hungry.

You visited 1 branch of the dungeon, and saw 1 of its levels.

You collected 20 gold pieces.

Inventory:

Hand Weapons
 d - a +0 mace (weapon)
   (You found it on level 1 of the Dungeon)
Missiles
 e - 9 stones (quivered)
Armour
 a - a +0 robe (worn)
Books
 b - a book of Necromancy
Comestibles
 c - a bread ration {@e1}
 f - 4 chunks of flesh {@w0}


   Skills:
 + Level 0.0 Fighting
 + Level 0.1 Maces & Flails
 + Level 1.8 Dodging
 - Level 1.7 Stealth
 + Level 2.0 Spellcasting
 + Level 4.3 Necromancy


You had 2 spell levels left.
You knew the following spells:

 Your Spells              Type           Power        Failure   Level  Hunger
a - Pain                  Necr           ###.         4%          1    #......
A - Animate Skeleton      Necr           N/A          4%          1    #......


Dungeon Overview and Level Annotations

Branches:
Dungeon (1/15)

Altars:


Message History

You hit the rat.
You kill the rat!
You see here a rat corpse.
You attempt to give life to the dead...
Before your eyes, flesh is ripped from the corpse!
The dead are walking!
f - 3 chunks of flesh {@w0} (gained 1)
You now have 2/3 mp.
You start resting.
Health restored: 13; MP restored: 3 You swap places.
You open the door.
There is an open door here.
Found an escape hatch in the floor.
Found a stone staircase leading down.
A frilled lizard comes into view.
The frilled lizard hisses angrily.
The frilled lizard moves out of view.
The frilled lizard closely misses you.
The frilled lizard is too close now for your liking.
You barely miss the frilled lizard. The frilled lizard closely misses you.
The frilled lizard barely misses you.
You closely miss the frilled lizard. The frilled lizard closely misses you.
You closely miss the frilled lizard. The frilled lizard closely misses you.
You closely miss the frilled lizard. The frilled lizard closely misses you.
The frilled lizard barely misses you.
You hit the frilled lizard but do no damage.
The frilled lizard bites you but does no damage.
You barely miss the frilled lizard.
The frilled lizard closely misses you. x2
You closely miss the frilled lizard.
The frilled lizard bites you but does no damage.
You closely miss the frilled lizard. The frilled lizard misses you.
You hit the frilled lizard. The frilled lizard bites you.
The frilled lizard closely misses you.
Your goblin skeleton hits the frilled lizard.
The frilled lizard dies!
You take 1 damage, and have 12/13 hp.
No target in view!
You see here a frilled lizard corpse.
You attempt to give life to the dead...
Before your eyes, flesh is ripped from the corpse!
The dead are walking!
f - 4 chunks of flesh {@w0} (gained 1)
You now have 2/3 mp.
You swap places.
A hobgoblin comes into view.
The hobgoblin shouts!
You see here 16 gold pieces.
You swap places.
You barely miss the hobgoblin.
Your rat skeleton misses the hobgoblin.
The hobgoblin closely misses you.
Your rat skeleton barely misses the hobgoblin.
A rat comes into view.
You barely miss the hobgoblin. The hobgoblin misses you.
Your rat skeleton closely misses the hobgoblin.
MP restored: 3 You hit the hobgoblin.
The hobgoblin hits you. The hobgoblin misses you.
Your rat skeleton bites the hobgoblin.
You take 2 damage, and have 10/13 hp.
You barely miss the hobgoblin.
Your goblin skeleton crumbles into dust!
The hobgoblin hits you.
Your rat skeleton closely misses the hobgoblin.
You take 2 damage, and have 8/13 hp.
You barely miss the hobgoblin. The hobgoblin hits you.
Your rat skeleton bites the hobgoblin but does no damage.
The hobgoblin hits you.
You take 2 damage, and have 6/13 hp.
You barely miss the hobgoblin.
Your rat skeleton closely misses the hobgoblin.
The hobgoblin closely misses you.
You barely miss the hobgoblin. The hobgoblin closely misses you.
Your rat skeleton barely misses the hobgoblin.
You barely miss the hobgoblin. The hobgoblin hits you.
* * * LOW HITPOINT WARNING * * *
Your rat skeleton barely misses the hobgoblin.
The hobgoblin barely misses you.
You take 3 damage, and have 3/13 hp.
MASSIVE DAMAGE!!
Your rat skeleton barely misses the hobgoblin.
You swap places.
Your frilled lizard skeleton bites the hobgoblin but does no damage.
Your rat skeleton closely misses the hobgoblin.
The hobgoblin hits you but does no damage.
You barely miss the hobgoblin. The rat bites your rat skeleton.
Your frilled lizard skeleton barely misses the hobgoblin.
Your rat skeleton barely misses the hobgoblin.
The hobgoblin closely misses you.
You closely miss the hobgoblin.
The rat barely misses your rat skeleton.
The hobgoblin closely misses you.
Your frilled lizard skeleton bites the hobgoblin but does no damage.
Your rat skeleton barely misses the hobgoblin.
The rat bites your rat skeleton.
You barely miss the hobgoblin. The hobgoblin barely misses you.
Your frilled lizard skeleton closely misses the hobgoblin.
Your rat skeleton bites the hobgoblin.
The rat bites your rat skeleton.
Your rat skeleton is destroyed!
The hobgoblin hits you.
You die...

.......####..# ..#
............ . ...
.......#.#.# #.#.#
...........# #.#.# .
...........# #.#.######..
...........# #...........
...........# #.#r##.....#
...........###.#.g......#
................@Z......+
+#......................#
.#........####.#...#+####
.......#### #.....#
.#####.#######.#...# >#
#.........#...# .#
#########>#...# .#
#.#.#.# .# #.#.#.#


You could see a hobgoblin, a rat and a friendly frilled lizard skeleton.

Vanquished Creatures
  A goblin (D:1)
  A rat (D:1)
2 creatures vanquished.

Vanquished Creatures (collateral kills)
  A frilled lizard (D:1)
1 creature vanquished.

Grand Total: 3 creatures vanquished

Notes
Turn   | Place    | Note
-------+----------+-------------------------------------------
     0 | D:1      | esc the Demonspawn Necromancer began the quest for the Orb.
     0 | D:1      | Reached XP level 1. HP: 13/13 MP: 3/3
    44 | D:1      | Learned a level 1 spell: Animate Skeleton
   297 | D:1      | HP: 3/13 [hobgoblin (3)]
   302 | D:1      | Slain by a hobgoblin

Action                   || total
-------------------------++-------
Melee: Mace              ||    26
 Cast: Animate Skeleton  ||     3
Armor: Robe              ||     4
Dodge: Dodged            ||    22

Vault maps used:
D:1:      nicolae_arrival_somewhat_less_tricky_arrival

Table legend:
 A = Turns spent in this place as a percentage of turns spent in the entire game.
 B = Non-inter-level travel turns spent in this place as a percentage of non-inter-level travel turns spent in the entire game.
 C = Inter-level travel turns spent in this place as a percentage of turns spent in this place.
 D = Turns resting spent in this place as a percentage of non-inter-level travel turns spent in this place.
 E = Turns spent auto-exploring this place as a percentage of non-inter-level travel turns spent in this place.
 F = Non-inter-level travel turns spent in this place divided by the number of levels of this place that you've seen.
                   A       B       C       D       E      F
               +-------+-------+-------+-------+-------+----------------------
         Total | 100.0 | 100.0 |   0.0 |   2.6 |  11.5 |  78.0
       Dungeon | 100.0 | 100.0 |   0.0 |   2.6 |  11.5 |  78.0
               +-------+-------+-------+-------+-------+----------------------

Table legend:
 A = Kills in this place as a percentage of kills in entire the game.
 B = Kills by you in this place as a percentage of kills by you in the entire game.
 C = Kills by friends in this place as a percentage of kills by friends in the entire game.
 D = Other kills in this place as a percentage of other kills in the entire game.
 E = Experience gained in this place as a percentage of experience gained in the entire game.
 F = Experience gained in this place divided by the number of levels of this place that you have seen.
                   A       B       C       D       E      F
               +-------+-------+-------+-------+-------+----------------------
         Total | 100.0 | 100.0 | 100.0 |  -nan | 100.0 |   3.0
       Dungeon | 100.0 | 100.0 | 100.0 |  -nan | 100.0 |   3.0
               +-------+-------+-------+-------+-------+----------------------
